Map: Disco Bloodbath LE

Players

INnoVation - Winner!

  • Race: Terran Terran
  • Spawn Location: 3:00

EGDisruptor (goblin)

  • Race: Protoss Protoss
  • Spawn Location: 9:00

Event: NationWars 2019

VOD

Have the link to the VOD?

Description

Time

  • Played on: Oct. 4, 2019, 1 p.m.
  • Length: 8:07

All games in this series

Show
View Real Time Build Order
Export as new Build Order

INnoVation Terran - Winner!

Build Orders: Reaper Expand 

Get SALT Encoding   

  12  0:00  SCV  
  13  0:12  SCV  
  14  0:17  Supply Depot  
  14  0:25  SCV  
  15  0:38  SCV  
  15  0:39  Barracks  
  16  0:43  Refinery  
  16  0:50  SCV  
  17  1:02  SCV  
  18  1:15  SCV  
  19  1:26  Reaper  
  19  1:27  Orbital Command  
  20  1:40  Command Center  
  20  1:51  Supply Depot  
  20  1:53  SCV  
  21  1:58  Marine  
  22  2:06  SCV  
  23  2:09  Bunker  
  23  2:15  Factory  
  23  2:17  Marine  
  23  2:21  SCV  
  25  2:27  Refinery  
  25  2:34  SCV  
  25  2:35  Marine  
  26  2:46  SCV  
  27  2:53  Barracks Reactor  
  27  2:54  Orbital Command  
  27  2:58  SCV  
  28  3:02  Widow Mine  
  28  3:03  Starport  
  30  3:10  SCV  
  31  3:21  SCV  
  31  3:23  Factory Tech Lab  
  31  3:24  SCV  
  33  3:31  Marine x2  
  34  3:35  SCV  
  34  3:36  SCV  
  34  3:40  Viking  
  38  3:41  Siege Tank  
  38  3:45  Supply Depot  
  41  3:49  Marine x2  
  41  3:50  SCV x2  
  41  3:53  Engineering Bay  
  45  4:07  Marine x2  
  40  4:24  Missile Turret, Marine  
  39  4:25  Marine  
  39  4:29  SCV x2  
  38  4:33  Missile Turret  
  38  4:41  SCV x2  
  40  4:47  Raven  
  42  4:53  SCV x2  
  44  5:05  Factory Tech Lab, SCV x2  
  46  5:17  SCV x2  
  46  5:18  Supply Depot  
  48  5:24  Siege Tank  
  48  5:27  Marine x2  
  53  5:30  SCV  
  53  5:34  Supply Depot  
  54  5:39  Banshee, SCV  
  58  5:44  SCV  
  58  5:47  Marine x2  
  61  5:51  SCV, Supply Depot  
  61  5:56  SCV  
  63  5:58  Siege Tank  
  63  6:03  SCV  
  67  6:05  Marine x2  
  67  6:06  Supply Depot  
  69  6:18  SCV x2  
  69  6:23  Marine x2  
  69  6:24  Banshee  
  76  6:29  Supply Depot  
  76  6:30  SCV  
  76  6:31  SCV  
  78  6:35  Barracks  
  78  6:41  Siege Tank, Marine x2  
  78  6:42  SCV  
  78  6:43  SCV  
  85  6:51  Supply Depot  
  85  6:55  SCV x2  
  85  6:58  Barracks  
  85  6:59  Marine x2  
  88  7:06  Banshee  
  88  7:07  SCV x2  
  92  7:09  Refinery  
  89  7:16  Supply Depot  
  89  7:21  Siege Tank  
  86  7:23  SCV x2  
  86  7:24  Marine  
  86  7:25  Marine  
  86  7:26  Barracks Tech Lab  
  88  7:34  Refinery  
  88  7:35  SCV x2  
  89  7:42  Marine x2  
  91  7:47  SCV  
  91  7:48  SCV  
Show
View Real Time Build Order
Export as new Build Order

EGDisruptor Protoss 

Build Orders: Dark Templar Rush 

Get SALT Encoding   

  12  0:00  Probe  
  13  0:12  Probe  
  14  0:17  Pylon  
  14  0:24  Probe (Chrono Boost)  
  15  0:36  Probe (Chrono Boost)  
  15  0:38  Gateway  
  16  0:44  Probe (Chrono Boost)  
  16  0:45  Assimilator  
  17  0:51  Probe  
  17  0:54  Assimilator  
  18  1:03  Probe (Chrono Boost)  
  19  1:12  Probe (Chrono Boost)  
  19  1:17  Probe (Chrono Boost)  
  20  1:23  Pylon  
  20  1:25  Cybernetics Core  
  21  1:29  Probe  
  22  1:41  Probe, Zealot  
  25  2:02  Twilight Council  
  25  2:03  Robotics Facility  
  25  2:07  Warp Gate  
  25  2:08  Adept (Chrono Boost)  
  27  2:22  Pylon  
  27  2:34  Adept  
  29  2:40  Dark Shrine  
  29  2:48  Gateway  
  29  2:50  Gateway  
  29  3:03  Warp Prism (Chrono Boost)  
  31  3:19  Pylon  
  30  3:41  Probe  
  31  4:01  Dark Templar x3  
  31  4:27  Nexus, Probe  
  31  4:28  Pylon  
  26  4:33  Dark Templar  
  26  4:37  Dark Templar  
  30  4:39  Probe (Chrono Boost)  
  31  4:50  Probe (Chrono Boost)  
  32  4:55  Probe (Chrono Boost)  
  32  4:57  Warp Prism  
  35  5:05  Probe  
  36  5:11  Charge  
  34  5:17  Stalker, Probe (Chrono Boost)  
  37  5:24  Stalker  
  39  5:30  Probe (Chrono Boost)  
  40  5:41  Probe x2 (Chrono Boost)  
  43  5:50  Probe (Chrono Boost)  
  43  5:52  Probe (Chrono Boost)  
  43  5:53  Stalker  
  46  5:59  Probe  
  46  6:00  Stalker  
  46  6:01  Zealot  
  46  6:03  Probe  
  52  6:11  Probe  
  53  6:15  Probe  
  54  6:26  Zealot x3  
  54  6:32  Pylon, Probe x2  
  62  6:44  Probe x2  
  64  6:51  Zealot x2  
  64  6:52  Zealot  
  70  6:54  Pylon  
  70  7:05  Gateway  
  70  7:07  Gateway  
  68  7:08  Gateway  
  68  7:10  Zealot  
  68  7:11  Pylon  
  68  7:13  Observer  
  69  7:19  Zealot x2  
  61  7:29  Zealot  
  61  7:39  Zealot  
  61  7:40  Zealot  
  61  7:48  Probe x2  
Tags
 
Add a new tag
Caveats
  • Supply blocks, unpowered buildings, or Contaminate may cause inaccurate times.
  • Supply counts are checked every 10 seconds.